 Dungeon Crawl Stone Soup version 0.22-a0-542-gce4f928 (webtiles) character file.

1850 vierth the Covered (level 8, -4/74 HPs)
             Began as a Minotaur Fighter on June 24, 2018.
             Slain by a wyvern (12 damage)
             ... on level 6 of the Dungeon.
             The game lasted 00:12:14 (3886 turns).

vierth the Covered (Minotaur Fighter)               Turns: 3886, Time: 00:12:14

Health: -4/74      AC: 16    Str: 23    XL:     8   Next: 88%
Magic:  7/7        EV:  5    Int:  5    God:
Gold:   321        SH: 11    Dex: 10    Spells: 7/7 levels left

rFire    . . .     SeeInvis .   a - +0 war axe
rCold    . . .     Gourm    .   c - +0 shield
rNeg     . . .     Faith    .   e - +0 plate armour
rPois    .         Spirit   .   (helmet restricted)
rElec    .         Reflect  .   (no cloak)
rCorr    .         Harm     .   p - +0 pair of gloves
MR       .....                  E - +0 pair of boots
Stlth    ..........             (no amulet)
HPRegen  0.22/turn              (no ring)
MPRegen  0.10/turn              (no ring)

@: no status effects
A: retaliatory headbutt, horns 2
a: no special abilities


You were on level 6 of the Dungeon.
You were not hungry.

You visited 1 branch of the dungeon, and saw 6 of its levels.

You collected 321 gold pieces.

Inventory:

Hand Weapons
 a - a +0 war axe (weapon)
 y - a +0 flail
Armour
 b - a +0 scale mail
 c - a +0 shield (worn)
 e - a +0 plate armour (worn)
 h - a +0 ring mail of fire resistance
 p - a +0 pair of gloves (worn)
 E - a +0 pair of boots (worn)
Wands
 j - a wand of digging (11)
 r - a wand of random effects (33)
Scrolls
 i - 4 scrolls of remove curse
 l - 2 scrolls of enchant weapon {unknown}
 n - 2 scrolls of fog {unknown}
 q - 5 scrolls of identify
 s - a scroll of enchant armour {unknown}
 v - 2 scrolls of amnesia {unknown}
 x - a scroll of immolation {unknown}
 z - a scroll of noise {unknown}
 B - a scroll of vulnerability {unknown}
 C - a scroll of blinking {unknown}
Potions
 d - 2 potions of might
 g - a potion of agility {unknown}
 k - 3 potions of lignification {unknown}
 m - 2 potions of haste {unknown}
 o - 3 potions of heal wounds
 t - a potion of berserk rage {unknown}
 u - a potion of invisibility {unknown}
 w - 3 potions of curing {unknown}
 A - a potion of ambrosia {unknown}
 D - a potion of degeneration {unknown}
Comestibles
 f - 11 rations


   Skills:
 + Level 7.7 Fighting
 + Level 7.5 Axes
 + Level 7.7 Armour
 - Level 0.5 Dodging
 + Level 7.6 Shields


You had 7 spell levels left.
You didn't know any spells.
Your spell library contained the following spells:

 Spells                   Type           Power        Failure   Level  Hunger
 Animate Dead             Necr           N/A          100%        4    #####..
 Pain                     Necr           #...         100%        1    ##.....
 Animate Skeleton         Necr           N/A          100%        1    ##.....
 Vampiric Draining        Necr           #.........   100%        3    ####...
 Regeneration             Chrm/Necr      #.........   100%        3    ####...


Dungeon Overview and Level Annotations

Branches:
Dungeon (7/15)
 Temple: D:4-7

Altars:
Hepliaklqana
Makhleb
Sif Muna
Xom


Innate Abilities, Weirdness & Mutations

You reflexively headbutt those who attack you in melee.
You have a pair of horns on your head.


Message History

You climb upwards.
There is a stone staircase leading down here.
You are too injured to fight recklessly!
You are too injured to fight recklessly!
You are too injured to fight recklessly!
You are too injured to fight recklessly!
You are too injured to fight recklessly!
You are too injured to fight recklessly!
You are too injured to fight recklessly!
You hit the wyvern. You headbutt the wyvern.
The wyvern is moderately wounded.
You block the wyvern's attack.
You hit the wyvern but do no damage.
The wyvern is moderately wounded.
You block the wyvern's attack.
The wyvern bites you but does no damage.
You hit the wyvern but do no damage.
The wyvern is moderately wounded.
The wyvern bites you!
You die...

##.##..........##.#
.........##.#####.#
##.##.##.##.......#
#...#.#...####...##
#................###
#...#.#...##.......#######
#####.#..................#
#.#..###...l...#####.#
#.#..# ###..@### #.#
#.#..#####...# #.#
#).........### ###.#
###..####..# #...# #..#
#..# #.### #..# #..# #.#
#.># #..# #.# #####..#
#..# #.# ###......# #..#
#.#


You could see a wyvern.

Vanquished Creatures
  Grinder (D:6)
  Prince Ribbit (D:5)
  Sigmund (D:2)
  A wraith (D:6)
  Duvessa (D:5)
  An ice beast (D:7)
  2 sky beasts (D:6)
  A phantom (D:5)
  2 centaurs (D:6)
  Dowan (D:5)
  A crimson imp (D:5)
  A quasit (D:5)
  2 hounds
  Crazy Yiuf (D:6)
  2 orc priests
  3 orc wizards
  Jessica (D:2)
  2 worker ants
  A worker ant zombie (D:6)
  An adder (D:2)
  3 shadow imps
  2 worms
  A dart slug (D:2)
  4 leopard geckos
  17 orcs
  A ball python (D:1)
  5 giant cockroaches
  9 goblins
  8 hobgoblins
  5 jackals
  7 kobolds
  4 quokkas
  5 bats
  3 frilled lizards
  A jackal skeleton (D:5)
  8 rats
110 creatures vanquished.

Notes
Turn   | Place    | Note
-------+----------+-------------------------------------------
     0 | D:1      | vierth the Minotaur Fighter began the quest for the Orb.
     0 | D:1      | Reached XP level 1. HP: 19/19 MP: 0/0
    45 | D:1      | Reached XP level 2. HP: 27/27 MP: 1/1
   506 | D:2      | Reached XP level 3. HP: 33/33 MP: 2/2
   526 | D:2      | Noticed Sigmund
   656 | D:2      | Found a deep blue altar of Sif Muna.
   768 | D:2      | Found a burning altar of Makhleb.
   775 | D:2      | Reached XP level 4. HP: 38/40 MP: 3/3
   846 | D:2      | Killed Sigmund
   846 | D:2      | Reached skill level 5 in Armour
   846 | D:2      | Reached XP level 5. HP: 29/47 MP: 4/4
  1094 | D:2      | Noticed Jessica
  1099 | D:2      | Killed Jessica
  1099 | D:2      | Reached skill level 5 in Fighting
  1116 | D:2      | Reached XP level 6. HP: 53/56 MP: 5/5
  1266 | D:3      | Found a shimmering altar of Xom.
  1537 | D:3      | You fall through a shaft for 2 floors!
  1537 | D:5      | Entered Level 5 of the Dungeon
  1545 | D:5      | Noticed Duvessa
  1560 | D:5      | Killed Duvessa
  1560 | D:5      | Reached skill level 5 in Axes
  1560 | D:5      | Reached skill level 5 in Shields
  1562 | D:5      | Noticed Dowan
  1568 | D:5      | Killed Dowan
  1797 | D:5      | Found a hazy altar of Hepliaklqana.
  1977 | D:5      | Reached XP level 7. HP: 58/61 MP: 6/6
  2238 | D:5      | Noticed Prince Ribbit
  2252 | D:5      | Killed Prince Ribbit
  2679 | D:6      | Noticed a wraith
  2687 | D:6      | Killed a wraith
  2687 | D:6      | Reached XP level 8. HP: 67/71 MP: 7/7
  2838 | D:6      | Noticed Grinder
  2850 | D:6      | Killed Grinder
  3440 | D:6      | Found a runed door.
  3790 | D:6      | Noticed Crazy Yiuf
  3797 | D:6      | Killed Crazy Yiuf
  3886 | D:6      | Slain by a wyvern

Vault maps used:
D:1:      roderic_chinese_lattice_arrival
D:2:      makhleb_blood_cavern_becter, overflow_temple_1_default, uniq_sigmund,
          uniq_jessica
D:3:      overflow_temple_1_default, minmay_randomly_rotated_circles
D:5:      lemuel_crystal_altar, first_ration, uniq_duvessa, uniq_prince_ribbit1
D:6:      uniq_grinder, uniq_crazy_yiuf_cottage
D:7:      temple_statues

Skill      XL: |  1  2  3  4  5  6  7  8 |
---------------+-------------------------+-----
Fighting       | 4 5 6 7 |  7.7
Armour         | 4 5 6 7 |  7.7
Axes           | 3 4 5 6 7 |  7.5
Shields        | 4 5 6 7 |  7.6
Dodging        | |  0.5

Action                   |  1- 3 |  4- 6 |  7- 9 || total
-------------------------+-------+-------+-------++-------
Melee: War axe           |    82 |    80 |   151 ||   313
       Headbutt          |    18 |    12 |    27 ||    57
  Use: Scroll            |       |       |     2 ||     2
  Eat: Ration            |       |     1 |     2 ||     3
Armor: Scale mail        |     2 |       |       ||     2
       Ring mail         |     8 |       |       ||     8
       Plate armour      |    34 |    29 |   106 ||   169
Dodge: Dodged            |    28 |    17 |    32 ||    77
Block: Shield            |    45 |    43 |   101 ||   189

Table legend:
 A = Spawn XP
 B = Non-spawn XP
 C = Spawn XP percentage of total XP
 D = Spawn monster count
 E = Non-spawn monster count
 F = Spawn count percentage of total count
 G = Total turns spent on level
                    A         B        C        D         E        F      G
               +---------+---------+-------+---------+---------+-------+---------
         Total |       0 |    2644 |   0.0 |       0 |     110 |   0.0 |  3886
               +---------+---------+-------+---------+---------+-------+---------
           D:1 |       0 |      43 |   0.0 |       0 |      25 |   0.0 |   522
           D:2 |       0 |     338 |   0.0 |       0 |      22 |   0.0 |   634
           D:3 |       0 |      32 |   0.0 |       0 |      15 |   0.0 |   381
           D:5 |       0 |     826 |   0.0 |       0 |      23 |   0.0 |  1118
           D:6 |       0 |    1188 |   0.0 |       0 |      18 |   0.0 |  1194
           D:7 |       0 |     217 |   0.0 |       0 |       7 |   0.0 |    37
               +---------+---------+-------+---------+---------+-------+---------
